 Dungeon Crawl Stone Soup version 0.26-a0-477-g38aef04 (webtiles) character file.

Game seed: 2795532691564566898

143 Derpghoster the Sneak (level 5, -1/29 HPs)
             Began as a Kobold Enchanter on July 31, 2020.
             Slain by a scorpion (7 damage)
             ... on level 3 of the Dungeon on Aug 1, 2020.
             The game lasted 00:37:27 (2824 turns).

Derpghoster the Sneak (Kobold Enchanter)            Turns: 2824, Time: 00:37:27

Health: -1/29      AC:  3    Str:  6    XL:     5   Next: 50%
Magic:  9/9        EV: 16    Int: 17    God:
Gold:   139        SH:  0    Dex: 15    Spells: 8/9 levels left

rFire    + . .     SeeInvis .   a - +2 dagger
rCold    . . .     Faith    .   (shield restricted)
rNeg     . . .     Spirit   .   b - +0 robe
rPois    .         Reflect  .   (helmet restricted)
rElec    .         Harm     .   l - +0 cloak
rCorr    .                      (no gloves)
MR       .....                  (no boots)
Stlth    ++++......             (no amulet)
HPRegen  0.09/turn              (no ring)
MPRegen  0.11/turn              (no ring)

@: lethally poisoned (-1 -> -13)
A: small, antennae 1, fire resistance 1, nightstalker 3
a: no special abilities


You were on level 3 of the Dungeon.
You visited 1 branch of the dungeon, and saw 3 of its levels.

You collected 139 gold pieces.

Inventory:

Hand Weapons
 a - a +2 dagger (weapon)
 v - a +0 mace
Missiles
 c - 4 atropa-tipped darts (quivered)
Armour
 b - a +0 robe (worn)
 l - a +0 cloak (worn)
 r - a +0 scale mail
Jewellery
 g - a +4 ring of protection {unknown}
 o - an uncursed ring of fire {unknown}
 q - a cursed ring of wizardry
 s - an uncursed amulet of reflection {unknown}
 u - an uncursed ring of protection from fire {unknown}
Scrolls
 m - 2 scrolls of fog
 x - 2 scrolls of remove curse
 y - a scroll of amnesia
Potions
 d - a potion of experience {unknown}
 e - a potion of brilliance {unknown}
 f - a potion of resistance {unknown}
 h - a potion of magic {unknown}
 i - a potion of stabbing {unknown}
 j - a potion of mutation
 k - a potion of lignification {unknown}
 n - 2 potions of curing {unknown}
 p - a potion of haste {unknown}
 t - a potion of flight {unknown}
 w - a potion of might {unknown}
 z - a potion of berserk rage {unknown}
 A - a potion of invisibility {unknown}


   Skills:
 + Level 1.3 Fighting
 + Level 2.2 Short Blades
 + Level 3.2 Dodging
 + Level 5.8 Stealth
 + Level 2.7 Spellcasting
 * Level 3.6 Hexes


You had 8 spell levels left.
You knew the following spells:

 Your Spells              Type           Power        Failure   Level
a - Corona                Hex            ##.....      4%          1

Your spell library contained the following spells:

 Spells                   Type           Power        Failure   Level
 Confusing Touch          Hex            ##......     12%         3
 Tukima's Dance           Hex            ##......     12%         3
 Ensorcelled Hibernation  Hex/Ice        #.....       13%         2
 Dazzling Flash           Conj/Hex       #.....       26%         3


Dungeon Overview and Level Annotations

Branches:
Dungeon (3/15)

Altars:
Fedhas
Okawaru

Annotations:
D:2 exclusion: oklob plant


Innate Abilities, Weirdness & Mutations

You are small and have problems with some larger weapons.
You are completely attuned to the shadows.
You have a pair of small antennae on your head.
Your flesh is heat resistant. (rF+)


Message History

The scorpion stings you!
You closely miss the scorpion.
The scorpion is moderately wounded.
The scorpion barely misses you.
You hit the scorpion.
The scorpion is heavily wounded.
The scorpion barely misses you.
You hit the scorpion but do no damage.
The scorpion is heavily wounded.
The scorpion stings you.
* * * LOW HITPOINT WARNING * * *
You are lethally poisoned!
The scorpion poisons you!
Drop what? 27/52 slots (_ for help) (? for menu, Esc to quit)
Okay, then.
It was a potion of mutation.
You feel extremely strange. A pair of antennae grows on your head!
You feel resistant to heat.
* * * LOW HITPOINT WARNING * * *
You feel sick. The scorpion stings you!
You die...

#...#.#.......##....##
.##.##.#.....######.#
#...#.###...## #..#
#....## ##### ##.#
..#.## #######.# ###.#
#.. ..#.# #.######
#.####.#.#
#......####.##.s...#
######..).....@#.###
######.####.# #..†...#
########


You could see a scorpion.

Vanquished Creatures
  A howler monkey (D:2)
  Terence (D:3)
  3 adders
  An ooze (D:3)
  2 leopard geckos
  An orc (D:3)
  A ball python (D:3)
  3 giant cockroaches
  7 hobgoblins
  3 jackals (D:2)
  2 kobolds
  10 bats
  2 frilled lizards (D:1)
  2 goblins (D:1)
  8 rats
47 creatures vanquished.

Notes
Turn   | Place    | Note
-------+----------+-------------------------------------------
     0 | D:1      | Derpghoster the Kobold Enchanter began the quest for the
                  | Orb.
     0 | D:1      | Reached XP level 1. HP: 10/10 MP: 3/3
   595 | D:1      | Reached XP level 2. HP: 15/15 MP: 5/5
  1152 | D:1      | Reached XP level 3. HP: 19/19 MP: 6/6
  1297 | D:2      | Reached skill level 5 in Stealth
  1297 | D:2      | Reached XP level 4. HP: 24/24 MP: 6/8
  1577 | D:2      | Reached skill level 1 in Fighting
  1642 | D:2      | Found a blossoming altar of Fedhas.
  1643 | D:2      | Noticed an oklob plant
  1871 | D:2      | Found an iron altar of Okawaru.
  2311 | D:3      | Noticed Terence
  2404 | D:3      | Killed Terence
  2404 | D:3      | Reached XP level 5. HP: 13/29 MP: 9/9
  2824 | D:3      | Gained mutation: You have a pair of small antennae on your
                  | head. [potion of mutation]
  2824 | D:3      | Gained mutation: Your flesh is heat resistant. (rF+)
                  | [potion of mutation]
  2824 | D:3      | Slain by a scorpion

Illustrated notes

Levels and vault maps discovered:
D:1:      minmay_arrival_five_plusses, layout_basic
D:2:      layout_rooms, okawaru_trees_1, tgw_fedhas, chequers_arboretum,
          serial_bayou_crossing
D:3:      layout_loops_cross, lemuel_crystal_altar, kennysheep_generic_room_2,
          uniq_terence

Skill      XL: |  1  2  3  4 |
---------------+-------------+-----
Stealth        | 5 |  5.8
Fighting       | 1 |  1.3
Dodging        | 3 |  3.2
Short Blades   | 2 |  2.2
Spellcasting   | |  2.7
Hexes          | |  3.6

Action                   |  1- 3 |  4- 6 || total
-------------------------+-------+-------++-------
Melee: Dagger            |    80 |   145 ||   225
 Cast: Corona            |     1 |     2 ||     3
  Use: Scroll            |     5 |     4 ||     9
       Potion            |       |     5 ||     5
 Stab: Sleeping          |    15 |    11 ||    26
Armor: Robe              |    12 |    12 ||    24
Dodge: Dodged            |    48 |    92 ||   140

Table legend: (Time is in decaauts)
 A = Elapsed time spent in this place.
 B = Non-inter-level travel time spent in this place.
 C = Inter-level travel time spent in this place.
 D = Time resting spent in this place.
 E = Time spent auto-exploring this place.
 F = Levels seen in this place.
 G = Mean time per level.
                   A        B        C        D        E       F      G
               +--------+--------+--------+--------+--------+-----+--------+
         Total |   2829 |   2254 |    575 |    396 |   1150 |   3 |  943.0 |
       Dungeon |   2829 |   2254 |    575 |    396 |   1150 |   3 |  943.0 |
               +--------+--------+--------+--------+--------+-----+--------+

Top non-repeatable levels by time:
     D:1: 1224 daAuts
     D:2: 947 daAuts
     D:3: 657 daAuts
